 Dungeon Crawl Stone Soup version 0.24.0-123-gd5b16e6ec5 (webtiles) character file.

Game seed: 14555743014469798188, levelgen mode: deterministic

977 Bergy the Basher (level 8, -7/46 HPs)
             Began as a Gargoyle Fighter on Dec 23, 2019.
             Mangled by an ogre
             ... wielding a +0 giant spiked club
              (9 damage)
             ... on level 6 of the Dungeon.
             The game lasted 00:12:57 (4441 turns).

Bergy the Basher (Gargoyle Fighter)                 Turns: 4441, Time: 00:12:59

Health: -7/46      AC: 14    Str: 23    XL:     8   Next: 17%
Magic:  8/8        EV:  7    Int:  8    God:
Gold:   304        SH:  9    Dex:  9    Spells: 7/7 levels left

rFire    + . .     SeeInvis .   a - +0 flail
rCold    + . .     Gourm    .   c - +0 shield
rNeg     + . .     Faith    +   b - +0 scale mail
rPois    ∞         Spirit   .   (no helmet)
rElec    +         Reflect  .   (no cloak)
rCorr    +         Harm     .   (no gloves)
MR       .....                  (no boots)
Stlth    ..........             u - amulet of faith
HPRegen  0.15/turn              l - +2 ring of protection
MPRegen  0.11/turn              (no ring)

@: resistant
A: negative energy resistance 1, electricity resistance, unbreathing,
petrification resistance, rot immunity, AC +5
a: no special abilities


You were on level 6 of the Dungeon.
You were not hungry.

You visited 1 branch of the dungeon, and saw 6 of its levels.

You collected 304 gold pieces.

Inventory:

Hand Weapons
 a - a +0 flail (weapon)
Armour
 b - a +0 scale mail (worn)
 c - a +0 shield (worn)
 t - a +0 plate armour
Jewellery
 l - a +2 ring of protection (left hand)
 u - an amulet of faith (around neck)
Wands
 d - a wand of iceblast (6)
 w - a wand of digging (3)
 x - a wand of acid (6)
Scrolls
 g - 5 scrolls of identify {unknown}
 h - 2 scrolls of fog {unknown}
 k - 5 scrolls of remove curse
 n - 2 scrolls of teleportation {unknown}
 q - a scroll of enchant armour {unknown}
 r - 2 scrolls of immolation {unknown}
 s - 2 scrolls of enchant weapon {unknown}
Potions
 e - 2 potions of curing {unknown}
 i - 2 potions of mutation {unknown}
 j - 2 potions of heal wounds {unknown}
 m - a potion of resistance
 o - 2 potions of brilliance {unknown}
 p - 3 potions of magic {unknown}
Comestibles
 f - 5 rations
 v - 3 chunks of flesh


   Skills:
 - Level 3.2 Fighting
 * Level 9.4 Maces & Flails
 - Level 3.2 Armour
 - Level 3.2 Shields


You had 7 spell levels left.
You didn't know any spells.
Your spell library was empty.

Dungeon Overview and Level Annotations

Branches:
Dungeon (6/15)
 Temple: D:4-7

Altars:
Cheibriados
Dithmenos
Gozag
Kikubaaqudgha
Okawaru
Zin

Annotations:
D:6 Eustachio


Innate Abilities, Weirdness & Mutations

You are resistant to torment.
Your stone body is resilient. (AC +5)
You are immune to poison.
You resist negative energy. (rN+)
You are resistant to electric shocks. (rElec)
You can survive without breathing.
You are immune to petrification.
You are immune to rotting.


Message History

You hit the ogre but do no damage.
The ogre is heavily wounded.
The river rat bites you but does no damage.
Eustachio completely misses you.
The ogre hits you with a +0 giant spiked club!
You hit the river rat.
The river rat is heavily wounded.
The river rat bites you. You block Eustachio's attack.
You barely miss the river rat.
The river rat is heavily wounded.
You block the river rat's attack.
The ogre hits you with a +0 giant spiked club!!
* * * LOW HITPOINT WARNING * * *
You thump the river rat!
You kill the river rat!
The river rat's corpse disappears in a puff of smoke!
You block Eustachio's attack.
The crimson imp laughs crazily.
The ogre hits you with a +0 giant spiked club!
You die...

##....#
#......###.#
#.##.## #....#..#
# #.....#
#....#..##
###..÷###
#....#...# ##....#
#....##..# ##...##
#.... #..##
##...##### #....
#...#
##......#####.....
#.#.#
#.####..§@O5.....
#.#.# #.#
#####@b..... #.)<#
#.. ...#### ##.)#
###. .#... #..# .#
.###.# #..# # .# #
#..# .# .... .#
#..... #.....


You could see Eustachio, an ogre, a crimson imp and a bat.

Vanquished Creatures
  A sky beast (D:5)
  An ogre (D:3)
  A centaur (D:5)
  2 bullfrogs (D:6)
  A crimson imp (D:5)
  2 hounds
  2 orc priests (D:4)
  Ijyb (D:5)
  A gnoll shaman (D:5)
  4 orc wizards
  A worker ant (D:4)
  A hound skeleton (D:6)
  A howler monkey zombie (D:5)
  5 gnolls (D:5)
  A howler monkey skeleton (D:5)
  6 adders
  3 worms
  3 dart slugs
  3 leopard geckos
  8 orcs
  3 bats
  5 giant cockroaches
  9 goblins
  9 hobgoblins
  11 jackals
  A quokka (D:5)
  A ball python skeleton (D:4)
  7 frilled lizards
  11 kobolds
  4 rats
109 creatures vanquished.

Notes
Turn   | Place    | Note
-------+----------+-------------------------------------------
     0 | D:1      | Bergy the Gargoyle Fighter began the quest for the Orb.
     0 | D:1      | Reached XP level 1. HP: 14/14 MP: 1/1
   328 | D:1      | Reached XP level 2. HP: 15/19 MP: 2/2
   448 | D:1      | Reached skill level 3 in Maces & Flails
   854 | D:2      | Found an opulent altar of Gozag.
   885 | D:2      | Reached XP level 3. HP: 23/23 MP: 3/3
  1176 | D:2      | Found an ancient bone altar of Kikubaaqudgha.
  1280 | D:2      | Reached skill level 4 in Maces & Flails
  1280 | D:2      | Reached XP level 4. HP: 28/28 MP: 4/4
  1970 | D:2      | Found a glowing silver altar of Zin.
  2090 | D:3      | Reached skill level 5 in Maces & Flails
  2094 | D:3      | Reached XP level 5. HP: 32/32 MP: 5/5
  2139 | D:3      | Noticed an ogre
  2392 | D:3      | Killed an ogre
  2392 | D:3      | Reached skill level 6 in Maces & Flails
  2392 | D:3      | Reached XP level 6. HP: 37/37 MP: 6/6
  2410 | D:3      | Found an iron altar of Okawaru.
  3398 | D:5      | Entered Level 5 of the Dungeon
  3432 | D:5      | Reached skill level 7 in Maces & Flails
  3442 | D:5      | Reached XP level 7. HP: 37/41 MP: 7/7
  3629 | D:5      | Found a shadowy altar of Dithmenos.
  3678 | D:5      | Reached skill level 8 in Maces & Flails
  3916 | D:5      | Noticed Ijyb
  3928 | D:5      | Killed Ijyb
  3933 | D:5      | Found a snail-covered altar of Cheibriados.
  4387 | D:6      | Reached skill level 9 in Maces & Flails
  4387 | D:6      | Reached XP level 8. HP: 46/46 MP: 8/8
  4430 | D:6      | Noticed Eustachio
  4440 | D:6      | HP: 2/46 [ogre/+0 giant spiked club (21)]
  4441 | D:6      | Mangled by an ogre

Levels and vault maps discovered:
D:1:      wheals_arrival_shading, layout_loops_cross, minmay_fountain_box
D:2:      layout_rooms, lemuel_doored_altar, grunt_gozag_breadcrumbs,
          zin_treasury
D:3:      layout_rooms, okawaru_altar_gauntlet_db
D:4:      layout_loops_ring
D:5:      layout_loops_cross, grunt_dithmenos_smoke_and_mirrors, slow_altar_1,
          first_ration, kennysheep_generic_room_7, uniq_ijyb
D:6:      layout_rooms, demons_altar, minmay_temple_entry_grid,
          uniq_crazy_yiuf_cottage, uniq_blork_the_orc, uniq_eustachio,
          uniq_prince_ribbit1

Skill      XL: |  1  2  3  4  5  6  7 |
---------------+----------------------+-----
Maces & Flails | 3 4 5 6 7 9 |  9.4
Fighting       | |  3.2
Armour         | |  3.2
Shields        | |  3.2

Action                   |  1- 3 |  4- 6 |  7- 9 || total
-------------------------+-------+-------+-------++-------
Melee: Flail             |   138 |   274 |   128 ||   540
  Use: Potion            |       |     1 |     2 ||     3
       Scroll            |       |     1 |       ||     1
  Eat: Chunk             |     1 |     8 |     3 ||    12
Armor: Scale mail        |    79 |   159 |    51 ||   289
Dodge: Dodged            |    39 |   102 |    25 ||   166
Block: Shield            |    98 |   143 |    54 ||   295
